 Dungeon Crawl Stone Soup version 0.30-a0-953-g5f1da4a474 (webtiles) character file.

Game seed: 3108305924808250839

178 Jeffwins the Shooter (level 5, -3/38 HPs)
             Began as a Human Wanderer on Mar 29, 2023.
             Slain by a gnoll
             ... wielding a +0 halberd
              (6 damage)
             ... on level 4 of the Dungeon.
             The game lasted 00:03:29 (2445 turns).

Jeffwins the Shooter (Human Wanderer)               Turns: 2445, Time: 00:03:30

Health: -3/38      AC:  4    Str:  8    XL:     5   Next: 89%
Magic:  8/8        EV: 10    Int: 15    God:
Gold:   156        SH:  0    Dex: 16    Spells: 4/8 levels left

rFire   . . .      SeeInvis .    a - +2 sling
rCold   . . .      Faith    .    (no shield)
rNeg    . . .      Spirit   .    j - +0 leather armour
rPois   .          Reflect  .    (no helmet)
rElec   .          Rampage  .    (no cloak)
rCorr   .                        (no gloves)
Will    .....                    h - +0 pair of boots
Stlth   +                        (no amulet)
HPRegen 0.26/turn                (no ring)
MPRegen 0.11/turn                (no ring)

@: brilliant, silenced, attractive, flying
A: no striking features
a: no special abilities


You were on level 4 of the Dungeon.
You visited 1 branch of the dungeon, and saw 4 of its levels.

You collected 156 gold pieces.


   Skills:
 + Level 1.9 Fighting
 * Level 3.9 Ranged Weapons
 + Level 0.1 Throwing
 - Level 2.0 Armour
 + Level 1.6 Stealth
 + Level 2.4 Spellcasting
 * Level 2.2 Conjurations
 * Level 2.3 Earth Magic
 - Level 1.0 Invocations


You had 4 spell levels left.
You knew the following spells:

 Your Spells              Type           Power      Damage    Failure   Level
x - Stone Arrow           Conj/Erth      24%        3d8       34%         3
z - Sandblast             Erth           26%        2d8       12%         1

Your spell library contained the following spells:

 Spells                   Type           Power      Damage    Failure   Level
 Sublimation of Blood     Necr           2%         N/A       41%         2
 Ozocubu's Armour         Ice            2%         N/A       65%         3
 Petrify                  Tmut/Erth      7%         N/A       88%         4
 Irradiate                Conj/Tmut      3%         3d12      99%         5
 Metabolic Englaciation   Hex/Ice        1%         N/A       100%        5
 Simulacrum               Ice/Necr       1%         N/A       100%        6

Inventory:

Hand Weapons
 a - a +2 sling (weapon)
Missiles
 o - 4 poisoned darts
Armour
 b - a +0 ring mail
 h - a +0 pair of boots (worn)
 j - a +0 leather armour (worn)
Scrolls
 c - a scroll of vulnerability {!r}
 i - 2 scrolls of teleportation {@r4}
 n - a scroll of amnesia
Potions
 k - a potion of attraction {!q}

Dungeon Overview and Level Annotations

Branches:
Dungeon (4/15)
 Temple: D:4-7

Altars:

########......#.#.
#..###.#.#.
#..#.....+.
#..#.#.#.#.
######..#.#.#.#.
#....#..#.#.#.##
#.##.#..#.#.#.#<
###.#.....#.#.#.#.
#@..#..##.#.#.#.#.
#g#######.#.#.....
#.g #.....#.#...
#### ############


You could see 2 gnolls.


Message History

The gnoll hits you from afar with a +0 halberd!
* * * LOW HITPOINT WARNING * * *
You are too injured to fight recklessly!
Unknown command.
You aren't carrying any items that you can evoke.
Unknown command.
Okay, then.
As you read the scroll labelled ZUOHYTEAHY, it crumbles to dust.
A profound silence engulfs you.
It was a scroll of silence.
The gnoll barely misses you. The gnoll closely misses you.
Unknown command.
It was a potion of flight.
You feel very buoyant.
You fly up into the air.
The gnoll barely misses you. The gnoll misses you.
It was a potion of attraction.
You feel attractive to monsters. The gnoll hits you with a +0 club.
* * * LOW HITPOINT WARNING * * *
The gnoll hits you from afar with a +0 halberd!
* * * LOW HITPOINT WARNING * * *
It was a potion of curing.
You feel better. The gnoll barely misses you.
The gnoll hits you from afar with a +0 halberd.
* * * LOW HITPOINT WARNING * * *
Unknown command.
It was a potion of brilliance.
You feel clever all of a sudden. The gnoll hits you with a +0 club.
* * * LOW HITPOINT WARNING * * *
The gnoll hits you from afar with a +0 halberd.
You die...

Skill      XL: |  1  2  3  4  5 |
---------------+----------------+-----
Conjurations   | 1 2 |  2.2
Stealth        | 1 |  1.6
Earth Magic    | 2 |  2.3
Fighting       | |  1.9
Ranged Weapons | |  3.9
Throwing       | |  0.1
Armour         | |  2.0
Spellcasting   | |  2.4
Invocations    | |  1.0

Action                     |  1- 3 |  4- 6 || total
---------------------------+-------+-------++-------
   Fire: Sling             |   105 |   112 ||   217
   Cast: Stone Arrow       |       |     1 ||     1
    Use: Scroll            |       |     5 ||     5
         Potion            |       |     4 ||     4
 Armour: Ring mail         |    23 |       ||    23
         Leather armour    |     1 |    15 ||    16
  Dodge: Dodged            |    41 |    31 ||    72

Levels and vault maps discovered:
D:1:      erik_arrival_orb_chamber, layout_loops_ring, minmay_statues_item
D:2:      layout_basic, kennysheep_generic_room_15
D:3:      layout_rooms, minmay_misc_feat_tower, minmay_misc_feat_room,
          item_on_display_a
D:4:      layout_basic, nicolae_ossuary_entry_false_entrances, uniq_grinder

Notes
Turn   | Place    | Note
-------+----------+-------------------------------------------
     0 | D:1      | Jeffwins the Human Wanderer began the quest for the Orb.
     0 | D:1      | Jeffwins set off with the following items: a +2 sling, a +0
                  | ring mail, a scroll of vulnerability {!r}; and the
                  | following spell memorised: Sandblast; and the following
                  | spells available to memorise: Stone Arrow.
     0 | D:1      | Reached XP level 1. HP: 15/15 MP: 3/3
    68 | D:1      | Reached XP level 2. HP: 18/21 MP: 5/5
   399 | D:1      | Reached XP level 3. HP: 26/26 MP: 6/6
   567 | D:1      | Reached skill level 1 in Conjurations
   837 | D:1      | Reached skill level 1 in Stealth
   978 | D:2      | Learned a level 3 spell: Stone Arrow
  1032 | D:2      | You fall into a shaft and drop 1 floor!
  1166 | D:2      | Reached XP level 4. HP: 32/32 MP: 7/7
  1828 | D:3      | Reached skill level 2 in Earth Magic
  1828 | D:3      | Reached XP level 5. HP: 30/38 MP: 8/8
  1881 | D:3      | Reached skill level 2 in Conjurations
  2443 | D:4      | HP: 2/38 [gnoll/+0 halberd (7)]
  2445 | D:4      | Slain by a gnoll

Vanquished Creatures
  A sleepcap (D:3)
  An orc wizard (D:3)
  A gnoll (D:4)
  3 adders
  An ufetubus (D:3)
  A worm (D:2)
  4 dart slugs
  3 orcs
  6 ball pythons
  5 bats
  5 endoplasms
  4 giant cockroaches
  3 goblins
  7 hobgoblins
  9 jackals
  2 frilled lizards
  5 kobolds
  10 rats
71 creatures vanquished.

Table legend: (Time is in decaauts)
 A = Elapsed time spent in this place.
 B = Non-inter-level travel time spent in this place.
 C = Inter-level travel time spent in this place.
 D = Time resting spent in this place.
 E = Time spent auto-exploring this place.
 F = Levels seen in this place.
 G = Mean time per level.
                   A        B        C        D        E       F      G
               +--------+--------+--------+--------+--------+-----+--------+
         Total |   2518 |   2391 |    127 |      0 |   1909 |   4 |  629.5 |
       Dungeon |   2518 |   2391 |    127 |      0 |   1909 |   4 |  629.5 |
               +--------+--------+--------+--------+--------+-----+--------+

Top non-repeatable levels by time:
     D:1: 972 daAuts
     D:2: 818 daAuts
     D:3: 524 daAuts
     D:4: 202 daAuts

Table legend:
 A = Non-vault XP
 B = Vault XP
 C = Vault XP percentage of total XP
 D = Non-vault monster count
 E = Vault monster count
 F = Vault count percentage of total count
                 A         B        C        D         E       F
            +---------+---------+-------+---------+---------+-------
      Total |     253 |       2 |   0.8 |      69 |       2 |   2.8
            +---------+---------+-------+---------+---------+-------
        D:1 |      52 |       0 |   0.0 |      28 |       0 |   0.0
        D:2 |      47 |       2 |   4.1 |      19 |       2 |   9.5
        D:3 |     139 |       0 |   0.0 |      20 |       0 |   0.0
        D:4 |      15 |       0 |   0.0 |       2 |       0 |   0.0
            +---------+---------+-------+---------+---------+-------
